 Dungeon Crawl Stone Soup version 0.22.1-2-g9c5b331383 (webtiles) character file.

89 Riddle the Magician (level 4, -1/30 HPs)
             Began as a Mummy Fire Elementalist on Nov 18, 2018.
             Slain by an ogre
             ... wielding a +0 giant spiked club
              (17 damage)
             ... on level 2 of the Dungeon.
             The game lasted 00:11:06 (3210 turns).

Riddle the Magician (Mummy Fire Elementalist)       Turns: 3210, Time: 00:11:07

Health: -1/30      AC:  2    Str: 11    XL:     4   Next: 31%
Magic:  1/9        EV: 12    Int: 18    God:
Gold:   82         SH:  0    Dex: 12    Spells: 3/9 levels left

rFire    x . .     SeeInvis .   h - +0 short sword
rCold    + . .     Gourm    .   (no shield)
rNeg     + + +     Faith    .   a - +0 robe
rPois    ∞         Spirit   .   (no helmet)
rElec    .         Reflect  .   (no cloak)
rCorr    .         Harm     .   (no gloves)
MR       .....                  (no boots)
Stlth    ++........             (no amulet)
HPRegen  0.10/turn              d - +3 ring of intelligence
MPRegen  0.11/turn              (no ring)

@: no status effects
A: no food or potions, fire vulnerability, cold resistance 1, negative energy
resistance 3, torment resistance, unbreathing
a: no special abilities


You were on level 2 of the Dungeon.
You were not hungry.

You visited 1 branch of the dungeon, and saw 2 of its levels.

You collected 82 gold pieces.

Inventory:

Hand Weapons
 h - a +0 short sword (weapon)
Armour
 a - a +0 robe (worn)
Jewellery
 d - a +3 ring of intelligence (left hand)
 i - an uncursed ring of protection from fire {unknown}
Scrolls
 b - a scroll of teleportation {unknown}
 c - a scroll of enchant weapon {unknown}
 e - 2 scrolls of remove curse {unknown}
 f - a scroll of amnesia {unknown}
 g - a scroll of identify {unknown}
 j - a scroll of blinking {unknown}


   Skills:
 - Level 1.5 Dodging
 - Level 1.5 Stealth
 + Level 3.4 Spellcasting
 * Level 2.2 Conjurations
 * Level 3.2 Fire Magic


You had 3 spell levels left.
You knew the following spells:

 Your Spells              Type           Power        Failure   Level  Hunger
a - Flame Tongue          Conj/Fire      ##...        4%          1    N/A
b - Throw Flame           Conj/Fire      ##....       8%          2    N/A
c - Conjure Flame         Conj/Fire      ##......     16%         3    N/A

Your spell library contained the following spells:

 Spells                   Type           Power        Failure   Level  Hunger
 Inner Flame              Hex/Fire       #.......     24%         3    N/A
 Sticky Flame             Conj/Fire      ##......     45%         4    N/A
 Fireball                 Conj/Fire      ##........   80%         5    N/A

Dungeon Overview and Level Annotations

Branches:
Dungeon (2/15)

Altars:
Ashenzari
Uskayaw
Xom


Innate Abilities, Weirdness & Mutations

You do not eat or drink.
Your flesh is vulnerable to fire.
You are immune to poison.
Your flesh is cold resistant. (rC+)
You are immune to negative energy. (rN+++)
You are immune to unholy pain and torment.
You can survive without breathing.


Message History

The puff of flame hits the ogre.
The ogre is severely wounded.
Casting: Throw Flame (safe; 8% risk of failure)
Confirm with . or Enter, or press ? or * to list all spells.
Aiming: Flame Tongue (safe; 4% risk of failure)
Press: ? - help, Shift-Dir - straight line, f/p - ogre
Aim: an ogre, wielding a giant spiked club (severely wounded)
The flame tongue hits the ogre.
The ogre is almost dead.
Casting: Flame Tongue (safe; 4% risk of failure)
Confirm with . or Enter, or press ? or * to list all spells.
You don't have enough magic to cast that spell.
You hit the ogre but do no damage.
The ogre is almost dead.
The ogre hits you with a giant spiked club!
You barely miss the ogre.
The ogre is almost dead.
The ogre hits you with a giant spiked club!
Ouch! That really hurt!
You die...

#...# *,,,,,,,,,********
#...#*####,,,,,,,,,,,,,,,,* *
#...#.....,,,,,,......,,,,*
###...#....,,,***,......,,,,*
..'........,,,,,,,......,,>,*
.##O..#...,,,,***,.....,,,,,*
.##...#******** **.).***'****
.##...############.### *,*
..'...'........O@....# *,*
.##...###########..#.##*,*
####### #.....#*,* #.....#*.#
* #.....##.# * ###..<..##.# *
#!'.....##.# *
####.#.....##.# *
#....).....##.#


You could see an ogre.

Vanquished Creatures
  3 adders (D:2)
  An ooze (D:2)
  A worm (D:2)
  3 dart slugs
  4 leopard geckos
  4 bats
  A giant cockroach (D:1)
  3 goblins
  8 hobgoblins
  2 quokkas
  2 frilled lizards
  7 kobolds
  5 rats
44 creatures vanquished.

Notes
Turn   | Place    | Note
-------+----------+-------------------------------------------
     0 | D:1      | Riddle the Mummy Fire Elementalist began the quest for the
                  | Orb.
     0 | D:1      | Reached XP level 1. HP: 13/13 MP: 4/4
   104 | D:1      | Reached skill level 1 in Conjurations
   254 | D:1      | Reached XP level 2. HP: 16/19 MP: 1/5
   303 | D:1      | Learned a level 2 spell: Throw Flame
   540 | D:1      | Found a shattered altar of Ashenzari.
  1405 | D:2      | Reached XP level 3. HP: 24/24 MP: 2/7
  2228 | D:2      | Reached XP level 4. HP: 30/30 MP: 7/9
  2250 | D:2      | Learned a level 3 spell: Conjure Flame
  2305 | D:2      | Found a shimmering altar of Xom.
  2500 | D:2      | Found a hide-covered altar of Uskayaw.
  2580 | D:2      | Noticed an ogre
  3098 | D:2      | Found a hide-covered altar of Uskayaw.
  3124 | D:2      | Found a shimmering altar of Xom.
  3210 | D:2      | Slain by an ogre

Skill      XL: |  1  2  3 |
---------------+----------+-----
Conjurations   | 1 2 |  2.2
Spellcasting   | 3 |  3.4
Fire Magic     | 3 |  3.2
Dodging        | |  1.5
Stealth        | |  1.5

Action                   |  1- 3 |  4- 6 || total
-------------------------+-------+-------++-------
Melee: Unarmed           |     6 |       ||     6
       Short sword       |     2 |     4 ||     6
 Cast: Flame Tongue      |    38 |    12 ||    50
       Throw Flame       |    23 |    23 ||    46
       Conjure Flame     |       |     2 ||     2
Armor: Robe              |     7 |       ||     7
Dodge: Dodged            |    24 |     2 ||    26
